 Dungeon Crawl Stone Soup version 0.30-a0-629-gd54f4be4f7 (webtiles) character file.

Game seed: 7489004160596494661

9166 ryw the Artisan of Death (level 11, -2/60 HPs)
             Began as a Deep Elf Necromancer on Jan 12, 2023.
             Was a Priest of Kikubaaqudgha.
             Slain by a gargoyle
             ... wielding a +2 antimagic morningstar
              (17 damage)
             ... on level 11 of the Dungeon.
             The game lasted 00:28:20 (11405 turns).

ryw the Artisan of Death (Deep Elf Necromancer)    Turns: 11405, Time: 00:28:21

Health: -2/60      AC:  6    Str:  4    XL:     11   Next: 19%
Magic:  1/19       EV: 23    Int: 24    God:    Kikubaaqudgha [***...]
Gold:   248        SH:  0    Dex: 28    Spells: 1/18 levels left

rFire   . . .      SeeInvis .    a - +10 hand axe "Adofui" {spect, Dex+3 Stlth+}
rCold   + . .      Faith    .    (no shield)
rNeg    . . .      Spirit   .    g - +0 steam dragon scales
rPois   +          Reflect  .    O - +2 hat
rElec   .          Harm     .    L - scarf {repulsion}
rCorr   .          Rampage  +    h - +2 pair of gloves
Will    +....                    K - +1 pair of boots {rampage}
Stlth   ++++                     (no amulet)
HPRegen 0.30/turn                e - +6 ring of dexterity
MPRegen 0.16/turn                w - ring of poison resistance

@: death channelling, corroded, repel missiles
A: horns 1, iridescent scales 1, agile 1, cold resistance 1, frail 1
a: Renounce Religion, Unearth Wretches


You were on level 11 of the Dungeon.
You worshipped Kikubaaqudgha.
Kikubaaqudgha was most pleased with you.
You visited 1 branch of the dungeon, and saw 11 of its levels.
You also visited: Ossuary.

You collected 807 gold pieces.
You spent 559 gold pieces at shops.

Inventory:

Hand Weapons
 a - the +10 hand axe "Adofui" (weapon) {spect, Dex+3 Stlth+}
   (You found it on level 4 of the Dungeon)

   Dex:       It affects your dexterity (+3).
   Stlth:     It makes you more stealthy.
 b - a +1 sling of draining
Missiles
 o - 3 javelins
 v - 4 throwing nets
Armour
 g - +0 steam dragon scales (worn)
 h - a +2 pair of gloves (worn)
 G - a +1 buckler of positive energy
 K - a +1 pair of boots of rampaging (worn)
 L - a scarf of repulsion (worn)
 O - a +2 hat (worn)
Jewellery
 e - a +6 ring of dexterity (left hand)
 q - a ring of willpower
 w - a ring of poison resistance (right hand)
 N - a ring of ice
Wands
 j - a wand of charming (12)
 u - a wand of roots (17)
 y - a wand of flame (6)
 A - a wand of polymorph (6)
 I - a wand of acid (14)
Scrolls
 i - a scroll of poison
 k - 5 scrolls of teleportation
 x - a scroll of blinking
 H - 2 scrolls of fear
 J - a scroll of fog
Potions
 c - a potion of brilliance
 d - 2 potions of lignification
 f - 3 potions of magic
 l - 9 potions of curing
 n - 4 potions of mutation
 p - 2 potions of attraction
 r - 2 potions of invisibility
 s - a potion of haste
 t - 2 potions of cancellation
 z - a potion of berserk rage
 B - a potion of ambrosia
 C - a potion of heal wounds
 D - a potion of might {unknown}
 E - 2 potions of flight
 F - 2 potions of resistance


   Skills:
 + Level 7.4 Fighting
 - Level 5.0 Axes
 + Level 10.9 Dodging
 - Level 2.4 Stealth
 + Level 0.8 Shields
 + Level 4.0 Spellcasting
 + Level 13.1 Necromancy


You had one spell level left.
You knew the following spells:

 Your Spells              Type           Power      Damage    Failure   Level
a - Vampiric Draining     Necr           61%        2d10      1%          3
b - Dispel Undead         Necr           61%        3d21      1%          4
c - Animate Dead          Necr           61%        N/A       1%          4
d - Death Channel         Necr           30%        N/A       7%          6

Your spell library contained the following spells:

 Spells                   Type           Power      Damage    Failure   Level
 Necrotise                Necr           100%       1d9       1%          1
 Shock                    Conj/Air       16%        1d4       10%         1
 Sublimation of Blood     Necr           61%        N/A       1%          2
 Agony                    Necr           61%        N/A       1%          5
 Cigotuvi's Dreadful Rot  Necr/Pois/Air  50%        N/A       2%          2
 Anguish                  Hex/Necr       18%        N/A       7%          4
 Poisonous Vapours        Pois/Air       8%         N/A       14%         2
 Mephitic Cloud           Conj/Pois/Air  4%         N/A       28%         3
 Swiftness                Air            4%         N/A       28%         3
 Airstrike                Air            2%         2d(1-17)  67%         4
 Simulacrum               Ice/Necr       18%        N/A       71%         6


Dungeon Overview and Level Annotations

Branches:
Dungeon (11/15)            Temple (0/1) D:7            Lair (0/5) D:9
    Orc (0/2) D:9         Ossuary (visited)

Altars:
Elyvilon
Fedhas
Kikubaaqudgha
Makhleb
Nemelex Xobeh
Okawaru
Ru
Sif Muna
Jiyva

Shops:
D:8 [   D:9 *   D:10 ?

Annotations:
D:8 2 transporters


Innate Abilities, Weirdness & Mutations

You have a pair of small horns on your head.
You are partially covered in iridescent scales. (AC +2)
You are agile. (Dex +4, Str/Int -1)
Your flesh is cold resistant. (rC+)
You are frail. (-10% HP)


Message History

The gargoyle is lightly damaged.
The gargoyle closely misses you.
Your spectral kobold brigand barely misses the gargoyle.
You hit the gargoyle but do no damage.
You headbutt the gargoyle, but do no damage.
The gargoyle is lightly damaged.
The gargoyle completely misses you.
Your spectral kobold brigand hits the gargoyle but does no damage.
The gargoyle completely misses you.
You hit the gargoyle but do no damage.
You headbutt the gargoyle, but do no damage.
The gargoyle is lightly damaged.
Your spectral kobold brigand hits the gargoyle but does no damage.
The gargoyle hits you with a +2 antimagic morningstar!
* * * LOW HITPOINT WARNING * * *
You feel your power leaking away.
Your spectral kobold brigand barely misses the gargoyle.
The gargoyle attacks as you move away!
The gargoyle hits you with a +2 antimagic morningstar.
* * * LOW HITPOINT WARNING * * *
Your spectral kobold brigand completely misses the gargoyle.
You hit the gargoyle but do no damage.
The gargoyle is lightly damaged.
Your +10 hand axe "Adofui" {spect, Dex+3 Stlth+} hits the gargoyle.
The gargoyle hurls a stone arrow at you.
The stone arrow misses you.
You hit the gargoyle but do no damage.
You headbutt the gargoyle, but do no damage.
The gargoyle is lightly damaged.
Your +10 hand axe "Adofui" {spect, Dex+3 Stlth+} hits the gargoyle!
Your spectral kobold brigand completely misses the gargoyle.
The gargoyle closely misses you.
You hit the gargoyle.
You headbutt the gargoyle, but do no damage.
The gargoyle is heavily damaged.
Your +10 hand axe "Adofui" {spect, Dex+3 Stlth+} hits the gargoyle.
Your spectral kobold brigand hits the gargoyle but does no damage.
The gargoyle hits you with a +2 antimagic morningstar!
You die...
Kikubaaqudgha rasps: "You have failed me!
Welcome... death!"

##............######.#..##.#
##..>......###.....#..##.....
#.<........# ###ZZ)........
#..........# #ZZ).....##..
#..........# ###ZZ^Z....# #
#..........# #Z).#Z._...#
#..........# #Z###ZZ....#
##........#####9# #....:##
#..........##.@(# #####.#
#..........#..### $..
#..........#.# ..#
#..........#. #........... #.
. #.


You could see a gargoyle (ally target), a friendly spectral jelly, 2 friendly
spectral kobolds, a friendly spectral kobold brigand, a friendly +10 hand axe
"Adofui" {spect, Dex+3 Stlth+} (summoned), a friendly slime creature zombie, a
friendly orc wizard zombie and a friendly orc knight zombie.

Vanquished Creatures
  An orc knight (D:11)
  An unseen horror (D:10)
  Maggie (D:6)
  2 trolls (D:9)
  A hornet (D:10)
  2 slime creatures (D:11)
  A shadow (D:11)
  A wyvern (D:8)
  2 yaks (D:9)
  3 steam dragons
  4 vampire mosquitoes (D:9)
  A water moccasin (D:6)
  5 orc warriors
  4 black bears
  An ice beast (D:7)
  2 sky beasts
  3 centaurs
  2 lemures (D:6)
  A phantom (D:6)
  2 kobold brigands
  2 bullfrogs
  3 scorpions
  2 necrophages (D:5)
  2 gnoll sergeants
  4 wights (D:9)
  6 killer bees
  7 howler monkeys
  9 orc priests
  8 jellies
  A gnoll bouda (D:7)
  8 orc wizards
  4 iguanas
  8 mummies (Ossuary)
  12 gnolls
  9 adders
  A white imp (D:5)
  An ufetubus (D:6)
  A worm (D:4)
  8 dart slugs
  24 orcs
  5 ball pythons
  9 endoplasms
  4 giant cockroaches
  7 goblins
  9 hobgoblins
  4 jackals
  8 kobolds
  9 quokkas
  7 bats
  A frilled lizard (D:2)
  2 gnoll zombies (Ossuary)
  3 hobgoblin zombies (Ossuary)
  2 kobold zombies (Ossuary)
  An orc zombie (Ossuary)
  4 rats (D:3)
235 creatures vanquished.

Vanquished Creatures (collateral kills)
  Gastronok (D:9)
  Pikel (D:6)
  2 yaks (D:9)
  A water moccasin (D:7)
  An ice beast (D:7)
  A kobold brigand (D:11)
  A howler monkey (D:9)
  An orc priest (D:7)
  A hound (D:7)
  A gnoll bouda (D:7)
  5 gnolls
  An orc (D:7)
  An endoplasm (D:1)
  2 hobgoblins (D:1)
  A jackal (D:1)
  3 kobolds (D:11)
  2 rats
26 creatures vanquished.

Vanquished Creatures (others)
  A yaktaur (D:11)
  2 bullfrog zombies
  A black bear zombie (D:9)
  2 killer bee zombies (D:9)
  2 howler monkey zombies (D:7)
  An iguana zombie (D:6)
  4 gnoll zombies (D:7)
  2 kobold zombies (D:6)
  10 orc zombies
  19 fungi (D:9)
  25 plants (D:9)
69 creatures vanquished.

Grand Total: 330 creatures vanquished

Notes
Turn   | Place    | Note
-------+----------+-------------------------------------------
     0 | D:1      | ryw the Deep Elf Necromancer began the quest for the Orb.
     0 | D:1      | Reached XP level 1. HP: 10/10 MP: 6/6
    51 | D:1      | Reached skill level 5 in Necromancy
   225 | D:1      | Reached XP level 2. HP: 15/15 MP: 5/8
   322 | D:1      | Found a faded altar of an unknown god.
   427 | D:1      | Reached skill level 6 in Necromancy
   434 | D:1      | Reached XP level 3. HP: 19/19 MP: 2/9
   438 | D:1      | Learned a level 3 spell: Vampiric Draining
   852 | D:2      | Identified the +1 scale mail "Ucsuciot" {Dex+6}
  1306 | D:2      | Reached XP level 4. HP: 24/24 MP: 8/10
  1318 | D:2      | Learned a level 4 spell: Animate Dead
  1428 | D:2      | Reached skill level 7 in Necromancy
  2434 | D:3      | Reached XP level 5. HP: 28/28 MP: 7/11
  3374 | D:4      | Identified the +10 hand axe "Adofui" {spect, Dex+3 Stlth+}
  4112 | D:4      | Found a sacrificial altar of Ru.
  4115 | D:4      | Found a burning altar of Makhleb.
  4144 | D:4      | Reached skill level 8 in Necromancy
  4381 | D:4      | Found a shimmering blue altar of Sif Muna.
  4624 | D:5      | Entered Level 5 of the Dungeon
  4628 | D:5      | Reached skill level 1 in Fighting
  4628 | D:5      | Reached skill level 1 in Axes
  4659 | D:5      | Reached XP level 6. HP: 24/34 MP: 12/12
  4769 | D:5      | Found a white marble altar of Elyvilon.
  5241 | D:5      | Found a sparkling altar of Nemelex Xobeh.
  5277 | D:5      | Found an ancient bone altar of Kikubaaqudgha.
  5481 | D:5      | Became a worshipper of Kikubaaqudgha
  5598 | D:5      | Reached XP level 7. HP: 35/40 MP: 13/13
  5857 | D:6      | Noticed Pikel
  6145 | D:6      | Killed Pikel
  6146 | D:6      | Reached skill level 5 in Dodging
  6146 | D:6      | Reached skill level 9 in Necromancy
  6146 | D:6      | Reached XP level 8. HP: 4/46 MP: 14/14
  6322 | D:6      | Noticed Maggie
  6442 | D:6      | Killed Maggie
  6698 | D:6      | HP: 2/48 [orc priest/divine providence (16)]
  6699 | D:6      | Reached skill level 10 in Necromancy
  6869 | D:6      | Reached XP level 9. HP: 39/52 MP: 15/15
  6947 | D:6      | Found an iron altar of Okawaru.
  6951 | D:6      | Reached * piety under Kikubaaqudgha
  6951 | D:6      | Received a gift from Kikubaaqudgha
  7259 | D:7      | Found a staircase to the Ecumenical Temple.
  7283 | D:7      | Reached skill level 5 in Fighting
  7376 | D:7      | Reached skill level 11 in Necromancy
  7598 | D:7      | Found a blossoming altar of Fedhas.
  7808 | D:7      | Reached ** piety under Kikubaaqudgha
  8122 | D:7      | Gained mutation: Your spells are a little easier to cast,
                  | but a little less powerful. [potion of mutation]
  8122 | D:7      | Gained mutation: You have a pair of small horns on your
                  | head. [potion of mutation]
  8123 | D:7      | Lost mutation: You have a pair of small horns on your head.
                  | [potion of mutation]
  8123 | D:7      | Lost mutation: Your spells are a little easier to cast, but
                  | a little less powerful. [potion of mutation]
  8123 | D:7      | Gained mutation: You are frail. (-10% HP) [potion of
                  | mutation]
  8123 | D:7      | Gained mutation: Your flesh is cold resistant. (rC+)
                  | [potion of mutation]
  8123 | D:7      | Gained mutation: Your flesh is heat resistant. (rF+)
                  | [potion of mutation]
  8124 | D:7      | Lost mutation: Your flesh is cold resistant. (rC+) [potion
                  | of mutation]
  8124 | D:7      | Lost mutation: Your flesh is heat resistant. (rF+) [potion
                  | of mutation]
  8124 | D:7      | Gained mutation: You are agile. (Dex +4, Str/Int -1)
                  | [potion of mutation]
  8124 | D:7      | Gained mutation: You have a pair of small horns on your
                  | head. [potion of mutation]
  8124 | D:7      | Gained mutation: Your flesh is cold resistant. (rC+)
                  | [potion of mutation]
  8124 | D:7      | Gained mutation: You are partially covered in iridescent
                  | scales. (AC +2) [potion of mutation]
  8304 | D:8      | Found a sand-covered staircase.
  8322 | Ossuary  | Entered an ossuary
  8444 | Ossuary  | Reached XP level 10. HP: 54/54 MP: 16/16
  8825 | D:8      | Found a transporter.
  8825 | D:8      | Found a viscous altar of Jiyva.
  8850 | D:8      | Found a transporter.
  9032 | D:8      | Found Boxkonlo's Antique Armour Emporium.
  9035 | D:8      | Bought a pair of embroidered boots for 217 gold pieces
  9040 | D:8      | Bought an embroidered scarf for 232 gold pieces
  9068 | D:9      | Found a staircase to the Orcish Mines.
  9107 | D:9      | Noticed Gastronok
  9169 | D:9      | Found Paifoexen's Fire Supplies.
  9176 | D:9      | Reached skill level 12 in Necromancy
  9603 | D:9      | Reached *** piety under Kikubaaqudgha
  9603 | D:9      | Received a gift from Kikubaaqudgha
  9610 | D:9      | Learned a level 4 spell: Dispel Undead
  9627 | D:9      | Reached skill level 10 in Dodging
  9744 | D:9      | Killed Gastronok
  9745 | D:9      | Reached skill level 5 in Axes
  9965 | D:9      | Reached XP level 11. HP: 54/60 MP: 17/17
 10015 | D:9      | Found a staircase to the Lair.
 10530 | D:10     | Entered Level 10 of the Dungeon
 10757 | D:10     | Found Izxom's Magic Scroll Shop.
 10763 | D:10     | Reached skill level 13 in Necromancy
 10764 | D:10     | Bought a scroll of teleportation for 33 gold pieces
 10764 | D:10     | Bought a scroll of teleportation for 33 gold pieces
 10764 | D:10     | Bought a scroll of identify for 22 gold pieces
 10764 | D:10     | Bought a scroll of identify for 22 gold pieces
 10983 | D:10     | Learned a level 6 spell: Death Channel
 11377 | D:11     | Found a viscous altar of Jiyva.
 11405 | D:11     | Slain by a gargoyle

Illustrated notes

Levels and vault maps discovered:
D:1:      minmay_arrival_nine_rooms, layout_rooms,
          hellmonk_ecumenical_altar_blasted
D:2:      layout_basic
D:3:      layout_loops_ring, minmay_liquid_box
D:4:      layout_layer_cave, tgw_sif, jmf_multi_god_temple,
          minmay_misc_feat_tower
D:5:      layout_loops_cross, mainiacjoe_overflow_catwalk,
          mainiacjoe_overflow_two_lobes, water_maze_lemuel
D:6:      layout_basic, kennysheep_okawaru_gauntlet,
          kennysheep_decorative_pillar, uniq_maggie, uniq_pikel
D:7:      layout_loops_corners, fedhas_altar_2, minmay_temple_entry_large_hall,
          grunt_ministairs_9
D:8:      gammafunk_jiyva_shrine, layout_loops_ring,
          nicolae_ossuary_entry_monument, serial_shops, nicolae_shop_trees
D:9:      layout_basic, grunt_lair_entry_orc_guard_hut, orc_0_dummy,
          nicolae_shop_fire_sale [nicolae_sub_dead_trees], uniq_gastronok
D:10:     layout_roguey, serial_shops, nicolae_shop_stone, minmay_door_square
D:11:     layout_rooms, jiyva_altar_1, uniq_urug, uniq_sonja

Skill      XL: |  1  2  3  4  5  6  7  8  9 10 11 |
---------------+----------------------------------+-----
Necromancy     | 5 6 7 8 9 10 11 12 13 | 13.1
Dodging        | 3 4 5 7 9 10 | 10.9
Fighting       | 1 2 3 4 6 7 |  7.4
Axes           | 1 2 3 5 |  5.0
Spellcasting   | 4 |  4.0
Stealth        | |  2.4
Shields        | |  0.8

Action                   |  1- 3 |  4- 6 |  7- 9 | 10-12 || total
-------------------------+-------+-------+-------+-------++-------
Melee: Unarmed           |     4 |       |       |       ||     4
       Rapier            |     3 |    18 |       |       ||    21
       Hand axe          |       |    43 |   131 |   128 ||   302
       Punch             |       |       |     5 |     4 ||     9
       Headbutt          |       |       |     8 |    42 ||    50
 Cast: Necrotise         |    67 |    27 |     7 |       ||   101
       Vampiric Draining |     3 |    23 |     3 |       ||    29
       Animate Dead      |       |     2 |     5 |     6 ||    13
       Dispel Undead     |       |       |       |     1 ||     1
       Death Channel     |       |       |       |     1 ||     1
Invok: Unearth Wretches  |       |       |       |     1 ||     1
Evoke: Wand              |       |       |     2 |       ||     2
  Use: Scroll            |     1 |    11 |     5 |     9 ||    26
       Potion            |       |       |     6 |     3 ||     9
 Stab: Sleeping          |     1 |     9 |     4 |     7 ||    21
       Distracted        |       |       |     5 |     4 ||     9
       Paralysed         |       |       |       |     4 ||     4
Armor: Robe              |     5 |    18 |     6 |       ||    29
       Steam dragon scal |       |       |    21 |    25 ||    46
Dodge: Dodged            |    14 |    50 |   100 |   119 ||   283

Table legend: (Time is in decaauts)
 A = Elapsed time spent in this place.
 B = Non-inter-level travel time spent in this place.
 C = Inter-level travel time spent in this place.
 D = Time resting spent in this place.
 E = Time spent auto-exploring this place.
 F = Levels seen in this place.
 G = Mean time per level.
                   A        B        C        D        E       F      G
               +--------+--------+--------+--------+--------+-----+--------+
         Total |  12404 |  11915 |    489 |   1023 |   8884 |  12 | 1033.7 |
       Dungeon |  12109 |  11620 |    489 |   1023 |   8783 |  11 | 1100.8 |
       Ossuary |    294 |    294 |      0 |      0 |    101 |   1 |  294.0 |
               +--------+--------+--------+--------+--------+-----+--------+

Top non-repeatable levels by time:
     D:9: 1573 daAuts
     D:5: 1532 daAuts
     D:6: 1447 daAuts
     D:4: 1344 daAuts
     D:3: 1344 daAuts
     D:2: 1269 daAuts
     D:7: 1061 daAuts
    D:10: 911 daAuts
     D:1: 835 daAuts
     D:8: 659 daAuts
 Ossuary: 294 daAuts
    D:11: 129 daAuts
